 Dungeon Crawl Stone Soup version 0.17-a0-737-gf0a300a (webtiles) character file.

357 Ngotmuk the Shield-Bearer (level 6, -9/57 HPs)
             Began as a Deep Dwarf Fighter on May 9, 2015.
             Mangled by an ogre
             ... wielding a +0 giant club
              (16 damage)
             ... on level 5 of the Dungeon.
             The game lasted 00:04:56 (2241 turns).

Ngotmuk the Shield-Bearer (Deep Dwarf Fighter)      Turns: 2241, Time: 00:04:57

Health: -9/57      AC: 14    Str: 21    XL:     6   Next: 36%
Magic:  6/6        EV:  4    Int:  9    God:
Gold:   175        SH: 10    Dex: 12    Spells: 0 memorised, 5 levels left

rFire  . . .     SeeInvis .     a - +0 war axe
rCold  . . .     Clarity  .     n - +0 plate armour
rNeg   + . .     SustAb   .     c - +0 shield
rPois  .         Gourm    .     q - +0 helmet
rElec  .         Spirit   .     (no cloak)
rCorr  .         Warding  .     (no gloves)
rMut   .         Stasis   .     p - +0 pair of boots
MR     .....                    (no amulet)
Stlth  ..........               w - ring of positive energy
                                s - ring of stealth

@: non-regenerating, not resistant to hostile enchantments, extremely unstealthy
A: damage resistance, recharge devices, sense surroundings 1, slow healing 3
a: Device Recharging


You were on level 5 of the Dungeon.
You were not hungry.

You visited 1 branch of the dungeon, and saw 5 of its levels.

You collected 175 gold pieces.

Inventory:

Hand weapons
 a - a +0 war axe (weapon)
Armour
 c - a +0 shield (worn)
 n - a +0 plate armour (worn)
 p - a +0 pair of boots (worn)
 q - a +0 helmet (worn)
Jewellery
 s - a ring of stealth (left hand)
 w - a ring of positive energy (right hand)
Magical devices
 e - a wand of heal wounds (3)
 v - a wand of frost (25)
 y - a wand of draining (12)
Scrolls
 g - a scroll of random uselessness {unknown}
 i - 2 scrolls of amnesia {unknown}
 k - 10 scrolls of identify {unknown}
 l - a scroll of noise {unknown}
 m - a scroll of remove curse {unknown}
 o - 2 scrolls of fear {unknown}
 r - 2 scrolls of recharging {unknown}
 t - a scroll of magic mapping {unknown}
 u - a scroll of fog {unknown}
 z - a scroll of teleportation {unknown}
Potions
 b - a potion of cure mutation {unknown}
 d - a potion of might
 j - 2 potions of curing {unknown}
 x - a potion of restore abilities {unknown}
 A - a potion of heal wounds {unknown}
Comestibles
 f - a bread ration
 h - a beef jerky


   Skills:
 + Level 4.0 Fighting
 + Level 4.1 Axes
 + Level 4.8 Armour
 + Level 4.9 Shields


You had 5 spell levels left.
You didn't know any spells.

Dungeon Overview and Level Annotations

Branches:
Dungeon (5/15)
 Temple: D:4-7

Altars:
Ashenzari
Kikubaaqudgha
Nemelex Xobeh


Innate Abilities, Weirdness & Mutations

You are resistant to damage.
You can recharge devices by infusing magical energy.
You passively map a small area around you.
You do not heal naturally.


Message History

You closely miss the ogre.
The ogre is lightly wounded.
The ogre hits you with a giant club.
You hit the ogre.
The ogre is moderately wounded.
The ogre hits you with a giant club!
You hit the ogre but do no damage.
The ogre is moderately wounded.
You block the ogre's attack.
You hit the ogre.
The ogre is moderately wounded.
The ogre hits you with a giant club!
You slash the ogre!
The ogre is severely wounded.
The ogre hits you with a giant club!
* * * LOW HITPOINT WARNING * * *
You hit the ogre.
The ogre is almost dead.
The ogre hits you with a giant club!
You die...

, ##. , , ...... * ,
......#+#### , ,,
.......#......
........#.......
........#........ ,
........+........ ,
.......O.#.....#
*........@#?....###+
,
.........'.........
, ........#.........
, ........#<........
........#.....#### *
, .......#.....#
......##+#### , ,
...... , ####. , ,


You could see an ogre.

Vanquished Creatures
  Grinder (D:3)
  An orc wizard (D:4)
  A centaur skeleton (D:4)
  Robin (D:2)
  An adder (D:3)
  An ooze (D:2)
  2 worms (D:2)
  5 giant geckos
  4 orcs (D:4)
  A ball python (D:3)
  9 bats
  11 hobgoblins
  4 giant cockroaches
  2 giant newts
  11 goblins
  A jackal skeleton (D:4)
  7 kobolds
  4 rats
67 creatures vanquished.

Notes
Turn   | Place    | Note
--------------------------------------------------------------
     0 | D:1      | Ngotmuk, the Deep Dwarf Fighter, began the quest for the Orb.
     0 | D:1      | Reached XP level 1. HP: 20/20 MP: 1/1
   322 | D:1      | Reached XP level 2. HP: 24/27 MP: 2/2
   672 | D:2      | Noticed Robin
   685 | D:2      | Killed Robin
   685 | D:2      | Reached XP level 3. HP: 10/34 MP: 3/3
   961 | D:2      | Reached skill level 4 in Shields
  1005 | D:3      | Found an ancient bone altar of Kikubaaqudgha.
  1170 | D:3      | Reached XP level 4. HP: 40/42 MP: 4/4
  1244 | D:3      | Noticed Grinder
  1256 | D:3      | Paralysed by Grinder for 7 turns
  1270 | D:3      | Killed Grinder
  1270 | D:3      | Reached XP level 5. HP: 22/50 MP: 5/5
  1270 | D:3      | Reached XP level 6. HP: 25/57 MP: 6/6
  1585 | D:4      | Found a sparkling altar of Nemelex Xobeh.
  1716 | D:4      | Found a shattered altar of Ashenzari.
  2226 | D:5      | Entered Level 5 of the Dungeon
  2241 | D:5      | Mangled by an ogre

Action                   |  1- 3 |  4- 6 || total
-------------------------+-------+-------++-------
Melee: War axe           |   128 |    90 ||   218
Evoke: Wand              |     1 |     1 ||     2
  Eat: Pizza             |     1 |     1 ||     2
       Bread ration      |       |     1 ||     1
